 Dungeon Crawl Stone Soup version 0.18-a0-1017-gae0b928 (console) character file.

3115 FIQ the Basher (level 9, -5/105 HPs)
             Began as a Demonspawn Wanderer on Jan 7, 2016.
             Was a Follower of Yredelemnul.
             Slain by FIQ's ghost (7 damage)
             ... on level 6 of the Dungeon.
             The game lasted 00:29:15 (7036 turns).

FIQ the Basher (Demonspawn Wanderer)                Turns: 7036, Time: 00:29:15

Health: -5/105     AC: 24    Str: 17    XL:     9   Next: 60%
Magic:  0/9        EV:  2    Int: 15    God:    Yredelemnul [*.....]
Gold:   126        SH:  0    Dex: 15    Spells: 0 memorised, 8 levels left

rFire  . . .     SeeInvis .     e - +1 whip
rCold  . . .     Gourm    .     (armour currently unavailable)
rNeg   + + +     Faith    .     (no shield)
rPois  +         Spirit   +     (helmet currently unavailable)
rElec  .         Dismiss  .     (cloak currently unavailable)
rCorr  .         Reflect  .     (gloves currently unavailable)
SustAt .         Harm     .     (boots currently unavailable)
MR     .....     NoTele   +     (no amulet)
Stlth  ++........               w - +3 ring of evasion
                                y - +5 ring of strength

@: tree-form, not resistant to hostile enchantments, unstealthy
A: (claws 0), (fangs 0), blurry vision 1, mutation resistance 1, (spiny 0),
teleportitis 1, magic shield, magic regeneration, (sturdy frame 0)
a: Animate Remains, Renounce Religion


You were on level 6 of the Dungeon.
You worshipped Yredelemnul.
Yredelemnul was aware of your devotion.
You were not hungry.
You were a tree.
You visited 2 branches of the dungeon, and saw 8 of its levels.

You collected 324 gold pieces.
You spent 198 gold pieces at shops.

Inventory:

Hand Weapons
 c - a +0 hand axe
 e - a +1 whip (weapon)
Armour
 a - a +2 scale mail
 i - a +0 hat (melded)
 k - a +0 pair of gloves (melded)
 q - a +0 pair of boots (melded)
 z - a +2 chain mail of fire resistance (melded)
Jewellery
 l - a +1 ring of protection
 m - an uncursed ring of wizardry
 o - an uncursed ring of loudness
 w - a +3 ring of evasion (right branch)
 y - a +5 ring of strength (left branch)
Wands
 j - a wand of frost (29/48)
 A - a wand of draining (0/15)
 D - a wand of confusion (24/48)
Scrolls
 f - 2 scrolls of remove curse
 p - a scroll of fear
 r - a scroll of recharging
 s - 4 scrolls of noise
 v - a scroll of enchant weapon
 B - a scroll of magic mapping
 F - a scroll of identify
Potions
 g - a potion of brilliance
 x - a potion of flight
Books
 E - a book of Spatial Translocations

   Spells                             Type                      Level
   a - Apportation                    Translocation                1
   b - Blink                          Translocation                2
   c - Shroud of Golubria             Charms/Translocation         2
   d - Portal Projectile              Translocation                3
   e - Teleport Other                 Translocation                3
   f - Passage of Golubria            Translocation                4
Miscellaneous
 b - a plain deck of defence {drawn: 3}
Comestibles
 d - 8 bread rations
 h - 4 meat rations
 n - a beef jerky
 u - a chunk of flesh


   Skills:
 + Level 6.3 Fighting
 - Level 1.7(5.6) Axes
 * Level 8.5(8.6) Maces & Flails
 + Level 8.2 Armour
 - Level 1.0 Stealth
   Level 1.0 Shields


You had 8 spell levels left.
You didn't know any spells.

Dungeon Overview and Level Annotations

Branches:
Dungeon (7/15)             Temple (1/1) D:5

Altars:
Ashenzari
Cheibriados
Dithmenos
Elyvilon
Fedhas
Gozag
Kikubaaqudgha
Makhleb
Nemelex Xobeh
Okawaru
Qazlal
Ru
Sif Muna
Trog
Vehumet
Xom
Yredelemnul
The Shining One

Shops:
D:7 *

Annotations:
D:6 FIQ's ghost, novice DsWn


Innate Abilities, Weirdness & Mutations

((You have sharp fingernails.))
((You are partially covered in sharp spines.))
When hurt, damage is shared between your health and your magic reserves.
You regenerate magic rapidly.
((Your movements are less encumbered by armour (ER -4).))
((You have very sharp teeth.))
Scrolls take you a little longer to read.
You are somewhat resistant to further mutation.
You are occasionally teleported next to monsters.


Message History

FIQ's ghost is severely damaged.
You hit FIQ's ghost.
FIQ's ghost is severely damaged.
FIQ's ghost hits you!
* * * LOW HITPOINT WARNING * * *
You hit FIQ's ghost but do no damage.
FIQ's ghost is severely damaged.
FIQ's ghost wails.
FIQ's ghost hits you but does no damage.
You barely miss FIQ's ghost.
FIQ's ghost is severely damaged.
You hit FIQ's ghost.
FIQ's ghost is severely damaged.
FIQ's ghost hits you!
* * * LOW HITPOINT WARNING * * *
You hit FIQ's ghost but do no damage.
FIQ's ghost is severely damaged.
FIQ's ghost hits you!
You die...
Your body rises from the dead as a mindless zombie.

############
#######..........#
#................#####
#................#....
#......#####..........
#....♣.# #..........
####.W## #..........
..... #..........
.......# #..........
.........# #..........
.........# #......#.#.
.......... #......#.#.
.......... #.#..<...##
#. #.#......## #..#
#.#......##
###..###)#........


You could see FIQ's ghost.

Vanquished Creatures
  The ghost of FIQ the Covered, an amateur DsWn (D:4)
  A spriggan (D:7)
  3 hippogriffs (D:7)
  Duvessa (D:5)
  2 orc warriors
  3 ice beasts
  3 phantoms
  2 eyes of draining (D:5)
  A centaur (D:7)
  3 giant frogs
  Dowan (D:5)
  A scorpion (D:6)
  3 crimson imps
  A giant frog zombie (D:7)
  2 jellies
  4 orc priests
  A giant frog skeleton (D:7)
  4 hounds
  An iguana (D:3)
  4 orc wizards
  6 worker ants
  A hound skeleton (D:6)
  12 adders
  2 gnolls (D:5)
  2 oozes
  An adder skeleton (D:6)
  A worm (D:2)
  4 giant geckos
  22 orcs
  9 bats
  8 giant cockroaches
  8 goblins
  5 hobgoblins
  4 quokkas
  4 giant newts
  8 kobolds
  A quokka skeleton (D:4)
  A quokka zombie (D:6)
  9 rats
150 creatures vanquished.

Notes
Turn   | Place    | Note
--------------------------------------------------------------
     0 | D:1      | FIQ the Demonspawn Wanderer began the quest for the Orb.
     0 | D:1      | FIQ set off with: a +2 scale mail, a potion of lignification, a +0 hand axe, a bread ration
     0 | D:1      | Reached XP level 1. HP: 15/15 MP: 1/1
   480 | D:1      | Gained mutation: You have sharp fingernails. [demonic ancestry]
   480 | D:1      | Reached XP level 2. HP: 16/21 MP: 2/2
   891 | D:1      | Reached skill level 1 in Maces & Flails
  1149 | D:2      | Gained mutation: You are clumsy. (Dex -2) [potion of mutation]
  1149 | D:2      | Gained mutation: You have very sharp teeth. [potion of mutation]
  1149 | D:2      | Gained mutation: You are occasionally teleported next to monsters. [potion of mutation]
  1156 | D:2      | Gained mutation: When hurt, damage is shared between your health and your magic reserves. [demonic ancestry]
  1156 | D:2      | Reached XP level 3. HP: 6/26 MP: 3/3
  1313 | D:2      | Reached skill level 5 in Armour
  1967 | D:3      | Gained mutation: You are partially covered in sharp spines. [demonic ancestry]
  1967 | D:3      | Reached XP level 4. HP: 31/33 MP: 4/4
  2013 | D:3      | Found a glowing golden altar of the Shining One.
  2154 | D:3      | Gained mutation: You regenerate magic rapidly. [demonic ancestry]
  2154 | D:3      | Reached XP level 5. HP: 36/38 MP: 5/5
  2624 | D:4      | Noticed FIQ's ghost (amateur DsWn)
  3009 | D:4      | Gained mutation: Your movements are slightly less encumbered by armour (ER -2). [demonic ancestry]
  3009 | D:4      | Reached XP level 6. HP: 30/46 MP: 6/6
  3040 | D:4      | Killed FIQ's ghost
  3040 | D:4      | Reached skill level 6 in Armour
  3078 | D:4      | Found a sparkling altar of Nemelex Xobeh.
  3083 | D:4      | Gained mutation: Your movements are less encumbered by armour (ER -4). [demonic ancestry]
  3083 | D:4      | Reached XP level 7. HP: 25/52 MP: 7/7
  3442 | D:4      | Found a shimmering altar of Xom.
  3698 | D:5      | Entered Level 5 of the Dungeon
  3814 | D:5      | Noticed Duvessa
  3816 | D:5      | Noticed Dowan
  3827 | D:5      | Killed Duvessa
  3835 | D:5      | Killed Dowan
  3969 | D:5      | Found a white marble altar of Elyvilon.
  4005 | D:5      | Reached skill level 5 in Maces & Flails
  4050 | D:5      | Found a staircase to the Ecumenical Temple.
  4106 | D:5      | Found a bloodstained altar of Trog.
  4132 | D:5      | Reached XP level 8. HP: 58/60 MP: 0/8
  4314 | D:5      | Reached skill level 7 in Armour
  4433 | D:5      | Found a deep blue altar of Sif Muna.
  4475 | Temple   | Entered the Ecumenical Temple
  4495 | Temple   | Became a worshipper of Yredelemnul the Dark
  4567 | D:6      | Noticed FIQ's ghost (novice DsWn)
  4692 | D:6      | HP: 3/61 [orc warrior/long sword (9)]
  4709 | D:6      | HP: 1/61 [orc warrior/long sword (6)]
  4893 | D:7      | Reached skill level 5 in Fighting
  4903 | D:7      | Found Saiderche's General Store.
  4911 | D:7      | Bought a plain deck of defence for 168 gold pieces
  4911 | D:7      | Bought a potion of mutation for 30 gold pieces
  4911 | D:7      | Lost mutation: You are clumsy. (Dex -2) [potion of mutation]
  4911 | D:7      | Gained mutation: Scrolls take you a little longer to read. [potion of mutation]
  4911 | D:7      | Gained mutation: You are somewhat resistant to further mutation. [potion of mutation]
  5642 | D:7      | Reached XP level 9. HP: 8/68 MP: 3/9
  6595 | D:6      | Reached skill level 8 in Armour
  6595 | D:6      | Reached * piety under Yredelemnul
  6615 | D:6      | HP: 3/69 [something/wand of lightning (10)]
  7035 | D:6      | HP: 2/105 [FIQ's ghost (6)]
  7036 | D:6      | Slain by FIQ's ghost

Vault maps used:
D:1:      eino_arrival_cavern_c, minmay_misc_feat_encased
D:2:      minmay_misc_feat_tiny
D:3:      tso_altar, corexii_leaking_fountain, columned_hall_lemuel
D:4:      kennysheep_little_box, first_bread, nemelex_diamond_rough_becter
D:5:      nicolae_overflow_hidden_temple, elyvilon_altar_3,
          trog_eyes_of_draining, minmay_temple_entry_statues_pillars,
          uniq_duvessa
D:6:      zin_statuary, nemelex_altar_shiori
D:7:      serial_shops, shop, the_bakery
Temple:   nicolae_temple_god_jail

Action                   |  1- 3 |  4- 6 |  7- 9 || total
-------------------------+-------+-------+-------++-------
Melee: Whip              |   230 |   111 |   454 ||   795
Evoke: Wand              |       |       |     9 ||     9
       Deck              |       |       |     3 ||     3
  Use: Potion            |     3 |     2 |    12 ||    17
       Scroll            |     6 |       |    10 ||    16
 Stab: Confused          |       |       |     4 ||     4
  Eat: Chunk             |     4 |     3 |    10 ||    17
       Pizza             |       |       |     1 ||     1
       Beef jerky        |       |       |     1 ||     1
